 Dungeon Crawl Stone Soup version 0.22-a0-247-gbddf880757 (webtiles) character file.

133 RedPan the Slasher (level 4, -1/52 HPs)
             Began as a Demonspawn Monk on Feb 23, 2018.
             Slain by an iguana (3 damage)
             ... on level 3 of the Dungeon.
             The game lasted 00:03:53 (2089 turns).

RedPan the Slasher (Demonspawn Monk)                Turns: 2089, Time: 00:03:54

Health: -1/52      AC: 22    Str: 13    XL:     4   Next: 94%
Magic:  4/4        EV:  2    Int: 11    God:
Gold:   179        SH:  0    Dex: 15    Spells: 3/3 levels left

rFire    . . .     SeeInvis .   a - +1 falchion
rCold    . . .     Gourm    .   (no shield)
rNeg     + + +     Faith    .   (armour currently unavailable)
rPois    +         Spirit   .   (helmet currently unavailable)
rElec    .         Reflect  .   (cloak currently unavailable)
rCorr    .         Harm     .   (gloves currently unavailable)
MR       +....     NoTele   +   (boots currently unavailable)
Stlth    ++........             (no amulet)
HPRegen  0.17/turn              m - ring of poison resistance
MPRegen  0.09/turn              t - ring of protection from magic

@: tree-form (expiring), drained
A: powered by death 1
a: no special abilities


You were on level 3 of the Dungeon.
You were very hungry.
You were a tree.
You visited 1 branch of the dungeon, and saw 3 of its levels.

You collected 179 gold pieces.

Inventory:

Hand Weapons
 a - a +1 falchion (weapon)
Armour
 b - a +0 robe
 d - a +0 pair of gloves (melded)
 f - a +0 chain mail (melded)
 g - a +0 helmet
Jewellery
 i - an uncursed ring of protection from cold {unknown}
 k - a +4 ring of intelligence
 m - a ring of poison resistance (left branch)
 r - an uncursed ring of poison resistance
 t - a ring of protection from magic (right branch)
 w - an uncursed ring of wizardry
Scrolls
 e - 2 scrolls of identify
 h - 2 scrolls of remove curse
 j - a scroll of enchant weapon
 o - a scroll of teleportation
Potions
 n - a potion of curing {unknown}
 v - a potion of resistance {unknown}
Comestibles
 c - 5 rations


   Skills:
 - Level 3.0(2.5) Fighting
 * Level 4.1(3.6) Long Blades
 + Level 1.8(1.4) Armour
 + Level 3.4(3.0) Dodging
 - Level 1.7(1.3) Stealth


You had 3 spell levels left.
You didn't know any spells.

Dungeon Overview and Level Annotations

Branches:
Dungeon (3/15)

Altars:


Innate Abilities, Weirdness & Mutations

((You have a pair of small horns on your head.))
((Your flesh is heat resistant. (rF+)))
You regenerate a little health from kills.


Message History

The iguana is heavily wounded.
The iguana bites you.
* * * LOW HITPOINT WARNING * * *
You barely miss the iguana.
The iguana is heavily wounded.
Your transformation is almost over.
The iguana bites you but does no damage.
You hit the iguana.
The iguana is heavily wounded.
You are feeling very hungry.
The iguana bites you but does no damage.
You hit the iguana.
The iguana is severely wounded.
The iguana bites you but does no damage.
You hit the iguana but do no damage.
The iguana is severely wounded.
The iguana bites you.
* * * LOW HITPOINT WARNING * * *
The iguana bites you.
You die...

##.[#.# #.########.........,,,*
##..#.#####...........#.#.###**,*
...>..##..........###.#.#,# ***,*
##.####..########## #...#,***,,,*
##.#....## #..##,**,,***
##.#.#### ###.##*,,,,**
.....############ #...#***,,,**
.#.............†###.#..# **,,,* *
.#.############(♣l..##.# *,*,***
.#.##### ####...#.# *,*,**,
.......# ##..#.## *,*,*,,
.......# #......##*,*,*,,
.......# #.###...##.#,*,,
.......# ###l..r)......,,,,
##.##### **#....†))......,,,,
#.#*********#.....###..#....,,,,
#.#,,,,,,,,...#.### *#.#,.>.,,,,


You could see an iguana.

Vanquished Creatures
  An orc wizard (D:3)
  4 adders
  2 worms (D:2)
  3 dart slugs (D:1)
  2 leopard geckos
  3 orcs (D:3)
  A ball python (D:2)
  8 bats
  2 giant cockroaches
  5 goblins
  5 hobgoblins
  7 kobolds
  2 quokkas
  5 frilled lizards
  4 rats
54 creatures vanquished.

Notes
Turn   | Place    | Note
-------+----------+-------------------------------------------
     0 | D:1      | RedPan the Demonspawn Monk began the quest for the Orb.
     0 | D:1      | Reached XP level 1. HP: 18/18 MP: 1/1
   277 | D:1      | Reached skill level 3 in Long Blades
   277 | D:1      | Gained mutation: Your flesh is heat resistant. (rF+) [demonic ancestry]
   277 | D:1      | Reached XP level 2. HP: 24/24 MP: 2/2
   722 | D:2      | Reached skill level 1 in Armour
   729 | D:2      | Gained mutation: You have a pair of small horns on your head. [demonic ancestry]
   729 | D:2      | Reached XP level 3. HP: 20/29 MP: 3/3
  1526 | D:2      | Gained mutation: You regenerate a little health from kills. [demonic ancestry]
  1526 | D:2      | Reached XP level 4. HP: 24/35 MP: 4/4
  2057 | D:3      | Reached skill level 4 in Long Blades
  2089 | D:3      | HP: 2/52 [iguana (5)]
  2089 | D:3      | Slain by an iguana

Vault maps used:
D:1:      minmay_arrival_jagged
D:2:      kennysheep_cluttered_room

Skill      XL: |  1  2  3  4 |
---------------+-------------+-----
Long Blades    | 3 4 |  4.1
Dodging        | 3 |  3.4
Armour         | 1 |  1.8
Fighting       | |  3.0
Stealth        | |  1.7

Action                   |  1- 3 |  4- 6 || total
-------------------------+-------+-------++-------
Melee: Falchion          |   123 |    64 ||   187
       Headbutt          |     8 |    11 ||    19
  Use: Scroll            |       |     7 ||     7
       Potion            |       |     2 ||     2
 Stab: Sleeping          |     1 |       ||     1
  Eat: Chunk             |     1 |     2 ||     3
Armor: Robe              |     8 |       ||     8
       Chain mail        |   100 |    42 ||   142
       Skin              |       |    11 ||    11
Dodge: Dodged            |    58 |    23 ||    81
       Rpst.: Falchion   |     9 |     7 ||    16

Table legend:
 A = Spawn XP
 B = Non-spawn XP
 C = Spawn XP percentage of total XP
 D = Spawn monster count
 E = Non-spawn monster count
 F = Spawn count percentage of total count
 G = Total turns spent on level
                    A         B        C        D         E        F      G
               +---------+---------+-------+---------+---------+-------+---------
         Total |       0 |     191 |   0.0 |       0 |      54 |   0.0 |  2089
               +---------+---------+-------+---------+---------+-------+---------
           D:1 |       0 |      32 |   0.0 |       0 |      15 |   0.0 |   646
           D:2 |       0 |      67 |   0.0 |       0 |      16 |   0.0 |  1207
           D:3 |       0 |      92 |   0.0 |       0 |      23 |   0.0 |   236
               +---------+---------+-------+---------+---------+-------+---------
